 Seeded DCSS version 0.30-a0-371-gad7725a93e (webtiles) character file.

Game seed: 12460970759821053352 (custom seed)

25 innerfire433 the Trooper (level 2, -1/24 HPs)
             Began as a Demonspawn Monk on Nov 22, 2022.
             Slain by a gnoll
             ... wielding a +2 vorpal spear
              (3 damage)
             ... on level 2 of the Dungeon.
             The game lasted 00:01:07 (806 turns).

innerfire433 the Trooper (Demonspawn Monk)           Turns: 806, Time: 00:01:08

Health: -1/24      AC:  2    Str: 11    XL:     2   Next: 86%
Magic:  2/2        EV: 13    Int: 13    God:
Gold:   42         SH:  0    Dex: 15    Spells: 1/1 levels left

rFire   . . .      SeeInvis .    a - +0 spear
rCold   . . .      Faith    .    (no shield)
rNeg    . . .      Spirit   .    b - +0 robe
rPois   .          Reflect  .    (no helmet)
rElec   .          Harm     .    (no cloak)
rCorr   .          Rampage  .    (no gloves)
Will    .....                    (no boots)
Stlth   ++........               (no amulet)
HPRegen 0.24/turn                (no ring)
MPRegen 0.08/turn                (no ring)

@: no status effects
A: big brain 1
a: no special abilities


You were on level 2 of the Dungeon.
You visited 1 branch of the dungeon, and saw 2 of its levels.

You collected 42 gold pieces.

Inventory:

Hand Weapons
 a - a +0 spear (weapon)
Armour
 b - a +0 robe (worn)
Jewellery
 e - an amulet of magic regeneration
 i - a +6 ring of intelligence
Scrolls
 f - a scroll of teleportation {unknown}
 g - a scroll of immolation {unknown}
 h - a scroll of enchant weapon {unknown}
 j - 2 scrolls of identify {unknown}
Potions
 c - a potion of ambrosia
 d - a potion of lignification {unknown}


   Skills:
 + Level 3.3 Fighting
 + Level 3.0 Polearms
 + Level 3.0 Dodging
 + Level 2.2 Stealth


You had one spell level left.
You didn't know any spells.
Your spell library was empty.

Dungeon Overview and Level Annotations

Branches:
Dungeon (2/15)

Altars:


Innate Abilities, Weirdness & Mutations

You have an unusually large brain. (Int +2)


Message History

The frilled lizard hisses angrily.
A frilled lizard is nearby!
You reach to attack!
You completely miss the frilled lizard. You hit the frilled lizard.
The frilled lizard is heavily wounded.
The frilled lizard misses you.
You closely miss the frilled lizard. The frilled lizard closely misses you.
You hit the frilled lizard.
You kill the frilled lizard!
No target in view!
No target in view!
You see here a frilled lizard corpse.
An endoplasm comes into view.
An endoplasm is nearby!
You reach to attack!
The helpless endoplasm fails to defend itself.
You hit the endoplasm.
The endoplasm is severely wounded.
You barely miss the endoplasm.
The endoplasm is severely wounded.
The endoplasm hits you.
You hit the endoplasm.
You kill the endoplasm!
Your Dodging skill increases to level 3!
No target in view!
No target in view!
Found a stone staircase leading up.
Found 8 stones.
No target in view!
No target in view!
There is a stone staircase leading up here.
A gnoll comes into view. It is wielding a +2 vorpal spear.
The gnoll shouts!
You hear a shout! x2
A gnoll comes into view. It is wielding a +0 whip.
The gnoll hits you from afar with a +2 vorpal spear!
You see here 8 stones.
You reach to attack!
You barely miss the gnoll.
The gnoll hits you from afar with a +2 vorpal spear!
* * * LOW HITPOINT WARNING * * *
You die...

.......###.#
...........#####.##
##.########........
##.# #####.####.##
##.# #...†.# #.#
##.# #.##### #g.
##.# #.# #g# ##.
#.# #.#
#.####.########@#
##......##....<..#
...........#######
###.######## #


You could see 2 gnolls.

Vanquished Creatures
  A dart slug (D:1)
  A ball python (D:1)
  2 endoplasms (D:2)
  2 giant cockroaches
  7 goblins (D:1)
  A hobgoblin (D:1)
  2 quokkas (D:1)
  2 bats
  A frilled lizard (D:2)
19 creatures vanquished.

Notes
Turn   | Place    | Note
-------+----------+-------------------------------------------
     0 | D:1      | innerfire433 the Demonspawn Monk began the quest for the
                  | Orb.
     0 | D:1      | Reached XP level 1. HP: 18/18 MP: 1/1
   251 | D:1      | Gained mutation: You have an unusually large brain. (Int
                  | +2) [demonic ancestry]
   251 | D:1      | Reached XP level 2. HP: 24/24 MP: 2/2
   806 | D:2      | Slain by a gnoll

Illustrated notes

Levels and vault maps discovered:
D:1:      ncdulo_watergridlock, layout_loops_ring,
          minmay_misc_feat_secret_circle
D:2:      layout_loops_ring, serial_bayou_pond_e

Skill      XL: |  1  2 |
---------------+-------+-----
Stealth        | 2 |  2.2
Polearms       | 3 |  3.0
Dodging        | 3 |  3.0
Fighting       | |  3.3

Action                   || total
-------------------------++-------
Melee: Spear             ||    80
 Stab: Sleeping          ||     4
Armor: Robe              ||    10
Dodge: Dodged            ||    39

Table legend: (Time is in decaauts)
 A = Elapsed time spent in this place.
 B = Non-inter-level travel time spent in this place.
 C = Inter-level travel time spent in this place.
 D = Time resting spent in this place.
 E = Time spent auto-exploring this place.
 F = Levels seen in this place.
 G = Mean time per level.
                   A        B        C        D        E       F      G
               +--------+--------+--------+--------+--------+-----+--------+
         Total |    802 |    752 |     50 |      0 |    599 |   2 |  401.0 |
       Dungeon |    802 |    752 |     50 |      0 |    599 |   2 |  401.0 |
               +--------+--------+--------+--------+--------+-----+--------+

Top non-repeatable levels by time:
     D:1: 708 daAuts
     D:2: 94 daAuts
